AoeStats
← mryendl2410

African Clearing

510305179Analyzed
4v4 RM · 1d ago on Sep 30, 2026· 50m 9s· 8 players
Game mode
Random Map
Map size
Large (8 player)
Population
200
Speed
Normal
Resources
Standard
Victory
Conquest
Starting age
Dark Age
Ending age
Imperial Age
RankedLock teamsTeams togetherTeam positionsShared explorationLock speedFull tech treeHidden civsTurbo modeCheats
Victory
Defeat
🇭🇰 Vikings · Hong Kong SAR China
1326
+15
🇦🇹 Berbers · Austria
1282
+17
🇭🇰 Vietnamese · Hong Kong SAR China
1253
+18
🇺🇸 Persians · United States
1243
+17
🇻🇳 Mongols · Vietnam
1333
-18
🇻🇳 Persians · Vietnam
1309
-17
🇺🇸 Varangians · United States
1298
-17
🇹🇼 Spanish · Taiwan
1258
-15
banditizer
9:39 Loom
13:52 Feudal Age
17:39 Bloodlines
22:08 Castle Age
21:20 Horse Collar
25:36 Husbandry
31:50 Scale Barding Armor
37:43 Double-Bit Axe
47:34 Imperial Age
46:49 Wheelbarrow
47:40 Hand Cart
48:33 Chain Barding Armor
48:09 Cavalier
49:20 Heavy Plow
50:52 Forging
UnHappy
12:50 Feudal Age
13:30 Double-Bit Axe
13:41 Loom
17:38 Castle Age
16:11 Fletching
16:24 Gold Mining
18:41 Bow Saw
17:59 Crossbowman
22:46 Bodkin Arrow
25:15 Ballistics
28:30 Stone Mining
34:55 Horse Collar
41:09 Imperial Age
39:09 Town Watch
39:26 Padded Archer Armor
39:09 Treadmill Crane
41:12 Arbalester
41:53 Bracer
42:03 Bogsveigar
43:14 Chemistry
43:20 Gold Shaft Mining
42:51 Heavy Plow
43:01 Squires
43:18 Leather Archer Armor
44:19 Conscription
44:50 Crop Rotation
45:22 Two-Man Saw
45:42 Ring Archer Armor
45:20 Siege Engineers
45:35 Chieftains
45:36 Scale Mail Armor
46:42 Forging
48:17 Coinage
47:35 Capped Ram
48:15 Murder Holes
48:43 Fervor
49:03 Siege Ram
50:20 Banking
FuNG
13:40 Feudal Age
14:12 Loom
16:57 Double-Bit Axe
24:34 Castle Age
23:30 Fletching
24:37 Crossbowman
28:55 Ballistics
31:28 Bodkin Arrow
38:33 Horse Collar
40:03 Wheelbarrow
41:15 Hand Cart
42:11 Padded Archer Armor
42:43 Thumb Ring
46:37 Imperial Age
44:54 Bow Saw
47:11 Gold Mining
47:11 Stone Mining
47:37 Leather Archer Armor
47:23 Bracer
46:59 Arbalester
49:42 Leather Archer Armor
Teufelchen
10:01 Loom
12:59 Feudal Age
19:15 Castle Age
17:36 Double-Bit Axe
20:30 Fishing Lines
22:11 Gillnets
26:21 Horse Collar
27:59 Town Watch
28:52 Wheelbarrow
30:17 Scale Barding Armor
30:23 Forging
34:00 Imperial Age
31:55 Gold Mining
32:34 Bloodlines
32:48 Stone Mining
34:34 Chain Barding Armor
34:58 Iron Casting
33:46 Light Cavalry
35:23 Fletching
35:45 Heavy Camel Rider
37:55 Bodkin Arrow
38:37 Bow Saw
39:06 Conscription
38:28 Capped Ram
40:18 Plate Barding Armor
41:55 Blast Furnace
43:59 Bracer
44:03 Husbandry
44:21 Hussar
45:48 Cavalier
47:58 Heavy Plow
48:36 Stone Shaft Mining
47:24 Man-at-Arms
47:25 Pikeman
48:05 Squires
48:25 Scale Mail Armor
48:26 Padded Archer Armor
49:17 Gold Shaft Mining
48:45 Kasbah
48:56 Kasbah
49:57 Chain Mail Armor
49:45 Maghrebi Camels
SLAMCOW
5:25 Loom
13:04 Feudal Age
13:07 Man-at-Arms
14:53 Arson
15:51 Bloodlines
15:47 Double-Bit Axe
19:11 Horse Collar
23:46 Castle Age
32:56 Wheelbarrow
32:34 Bow Saw
37:10 Hand Cart
36:43 Town Watch
39:15 Stone Mining
39:15 Gold Mining
42:10 Squires
41:57 Gambesons
42:13 Scale Mail Armor
42:23 Forging
43:47 Chain Mail Armor
46:56 Imperial Age
45:05 Iron Casting
45:01 Fletching
46:56 Bodkin Arrow
只會5TC
5:48 Loom
12:10 Feudal Age
18:15 Castle Age
17:32 Stone Mining
18:15 Town Watch
18:43 Double-Bit Axe
19:54 Stone Shaft Mining
19:37 Bow Saw
20:35 Town Patrol
22:24 Husbandry
24:00 Bloodlines
26:13 Wheelbarrow
26:21 Padded Archer Armor
33:45 Hand Cart
33:50 Gold Mining
37:52 Imperial Age
37:35 Bloodlines
38:23 Scale Barding Armor
38:29 Forging
37:57 Cavalier
39:56 Chain Barding Armor
40:18 Conscription
40:39 Iron Casting
piecardinap
5:14 Loom
14:35 Feudal Age
18:48 Castle Age
22:38 Wheelbarrow
22:21 Horse Collar
30:11 Double-Bit Axe
34:26 Gold Mining
34:29 Stone Mining
39:05 Imperial Age
37:49 Fletching
38:00 Padded Archer Armor
38:10 Forging
38:35 Elite Skirmisher
mryendl2410
3:43 Loom
13:33 Feudal Age
19:06 Castle Age
16:52 Double-Bit Axe
18:07 Scale Barding Armor
19:21 Bloodlines
21:23 Forging
23:21 Chain Barding Armor
27:15 Iron Casting
26:41 Husbandry
30:35 Wheelbarrow
31:24 Gold Mining
31:57 Town Watch
32:31 Bow Saw
32:05 Horse Collar
37:08 Scale Mail Armor
37:09 Squires
36:31 Pikeman
38:08 Chain Mail Armor
37:54 Squires
Connection lost

Rejoining the realm…

Still unreachable

The connection could not be restored.

Session expired

The server has moved on; the page needs a fresh start.